 Dungeon Crawl Stone Soup version 0.27.1-33-g824d729ab1 (webtiles) character file.

Game seed: 3808314255938866716

11 klutch the Covered (level 2, 26/27 HPs)
             Began as a Minotaur Fighter on Dec 4, 2021.
             Was a Believer of Lugonu.
             Got out of the dungeon alive.
             The game lasted 00:03:08 (219 turns).

klutch the Covered (Minotaur Fighter)                Turns: 219, Time: 00:03:09

Health: 26/27      AC:  7    Str: 20    XL:     2   Next: 17%
Magic:  1/1        EV:  9    Int:  5    God:    Lugonu [**....]
Gold:   13         SH:  0    Dex:  9    Spells: 1/1 levels left

rFire    . . .     SeeInvis .   a - +0 flail
rCold    . . .     Faith    .   (no shield)
rNeg     . . .     Spirit   .   b - +0 scale mail
rPois    .         Reflect  .   (helmet restricted)
rElec    .         Harm     .   (no cloak)
rCorr    .         Rampage  .   (no gloves)
Will     .....                  (no boots)
Stlth    ..........             (no amulet)
HPRegen  0.09/turn              (no ring)
MPRegen  0.07/turn              (no ring)

@: no status effects
A: horns 2, retaliatory headbutt
a: Renounce Religion, Depart the Abyss, Bend Space


You escaped.
You worshipped Lugonu.
Lugonu was pleased with you.
You visited 1 branch of the dungeon, and saw 1 of its levels.

You collected 13 gold pieces.

Inventory:

Hand Weapons
 a - a +0 flail (weapon)
Armour
 b - a +0 scale mail (worn)
Potions
 d - a potion of might
 e - a potion of invisibility {unknown}


   Skills:
 * Level 3.8 Fighting
 * Level 2.8 Maces & Flails
 * Level 3.9 Armour
 + Level 0.2 Dodging
 - Level 3.6 Shields
 + Level 0.2 Unarmed Combat


You had one spell level left.
You didn't know any spells.
Your spell library contained the following spells:

 Spells                   Type           Power      Damage    Failure   Level
 Apportation              Tloc           0%         N/A       83%         1


Dungeon Overview and Level Annotations

Branches:
Dungeon (1/15)

Altars:
Lugonu


Innate Abilities, Weirdness & Mutations

You have a pair of horns on your head.
You reflexively headbutt those who attack you in melee.


Message History

Okay, then.
The bat closely misses you.
Your scale mail prevents you from hitting the kobold.
The bat hits you but does no damage. The kobold barely misses you.
The kobold hits you but does no damage.
You barely miss the kobold. The bat completely misses you.
The kobold barely misses you. The ball python bites you.
The ball python grabs you. The ball python constricts you.
You barely miss the kobold. The bat hits you but does no damage.
The ball python bites you but does no damage.
The ball python constricts you. The kobold barely misses you.
You furiously retaliate!
You headbutt the kobold.
You kill the kobold!
Lugonu accepts your kill.
You escape the ball python's grasp.
The ball python bites you but does no damage.
The ball python grabs you. The ball python constricts you.
You see here a +0 dagger.
The ball python's grasp on you weakens, but your attempt to escape fails.
The bat hits you but does no damage.
The ball python bites you but does no damage.
The ball python constricts you.
You thump the ball python!
You kill the ball python!
Lugonu accepts your kill. The bat hits you but does no damage.
The bat barely misses you. You furiously retaliate!
You headbutt the bat. You hit the bat.
You kill the bat!
Lugonu accepts your kill.
You now have 13 gold pieces.
You see here 13 stones.
You see here 19 arrows.
There is an open door here.
You see here a rat corpse.
You see here a +0 leather armour.
You see here a +0 robe.
There is a staircase leading out of the dungeon here.
Are you sure you want to leave the Dungeon?
This will make you lose the game!
You have escaped!

≈≈≈≈8###...........#
≈≈.................#
≈≈.................#
≈≈≈≈.............###
≈≈≈≈..8..........#
≈≈..≈...........##
≈≈.≈............#
≈≈≈≈≈≈8.8.......#
≈≈≈≈≈≈.@.......##
≈≈≈≈≈≈.≈.......#
≈≈≈≈≈≈.≈.......#
≈≈≈≈≈≈..≈≈≈.....#
≈≈≈≈≈≈≈≈≈≈≈≈≈≈≈.#
≈≈≈≈≈≈≈≈≈≈≈≈...≈#
≈≈≈≈≈≈≈≈≈≈≈≈≈≈≈
≈≈≈≈≈≈≈≈≈≈≈≈≈≈≈


There were no monsters in sight!

Vanquished Creatures
  5 bats (D:1)
  2 hobgoblins (D:1)
  A kobold (D:1)
  A ball python (D:1)
  A rat (D:1)
10 creatures vanquished.

Vanquished Creatures (others)
  2 fungi (D:1)
  A plant (D:1)
3 creatures vanquished.

Grand Total: 13 creatures vanquished

Notes
Turn   | Place    | Note
-------+----------+-------------------------------------------
     0 | D:1      | klutch the Minotaur Fighter began the quest for the Orb.
     0 | D:1      | Reached XP level 1. HP: 19/19 MP: 0/0
   100 | D:1      | Found a faded altar of an unknown god.
   109 | D:1      | Got Plato's Almanac of the Compass
   110 | D:1      | Became a worshipper of Lugonu the Unformed
   110 | D:1      | Reached * piety under Lugonu
   110 | D:1      | Reached ** piety under Lugonu
   130 | D:1      | Reached XP level 2. HP: 21/27 MP: 1/1
   219 | D:$      | Got out of the dungeon alive.

Illustrated notes

Levels and vault maps discovered:
D:1:      nicolae_arrival_washed_ashore, layout_basic,
          shapermc_ecumenical_altar_rom_forum

Action                   || total
-------------------------++-------
Melee: Flail             ||    16
       Headbutt          ||     1
Armor: Scale mail        ||    18
Dodge: Dodged            ||    17
Block: Kite shield       ||     4
